 Dungeon Crawl Stone Soup version 0.30-a0-881-g1ff12e1e11 (webtiles) character file.

Game seed: 11855289321442666116

215 jasper the Sneak (level 5, -4/34 HPs)
             Began as a Gargoyle Delver on Mar 14, 2023.
             Killed by nerve-wracking pain
             ... invoked by an orc priest
              (5 damage)
             ... on level 3 of the Dungeon.
             The game lasted 00:05:18 (2204 turns).

jasper the Sneak (Gargoyle Delver)                  Turns: 2204, Time: 00:05:19

Health: -4/34      AC: 10    Str: 17    XL:     5   Next: 92%
Magic:  5/5        EV:  9    Int: 11    God:
Gold:   183        SH:  0    Dex: 11    Spells: 4/4 levels left

rFire   . . .      SeeInvis .    q - +0 war axe
rCold   . . .      Faith    .    (no shield)
rNeg    + . .      Spirit   .    e - +0 scale mail
rPois   ∞          Reflect  .    (no helmet)
rElec   +          Rampage  .    (no cloak)
rCorr   .                        (no gloves)
Will    +....                    (no boots)
Stlth   +                        (no amulet)
HPRegen 0.25/turn                n - ring of willpower
MPRegen 0.09/turn                (no ring)

@: flying
A: sickness immunity, AC +4, negative energy resistance 1, electricity
resistance, torment resistance 1, petrification resistance
a: no special abilities


You were on level 3 of the Dungeon.
You visited 1 branch of the dungeon, and saw 6 of its levels.

You collected 183 gold pieces.

Inventory:

Hand Weapons
 a - a +0 hand axe
 q - a +0 war axe (weapon)
Missiles
 i - 24 stones (quivered)
Armour
 b - a +0 leather armour
 e - a +0 scale mail (worn)
Jewellery
 l - a ring of ice
 n - a ring of willpower (left hand)
Wands
 g - a wand of digging (3)
 j - a wand of polymorph (9)
Scrolls
 c - a scroll of fog
 d - a scroll of magic mapping
 f - 2 scrolls of teleportation
 h - 2 scrolls of identify
 p - 4 scrolls of fear
Potions
 k - a potion of lignification


   Skills:
 + Level 4.4 Fighting
 * Level 4.0 Axes
 + Level 2.8 Armour
 - Level 1.5 Dodging
 - Level 5.4 Stealth


You had 4 spell levels left.
You didn't know any spells.
Your spell library contained the following spells:

 Spells                   Type           Power      Damage    Failure   Level
 Lesser Beckoning         Tloc           0%         N/A       87%         2
 Gell's Gravitas          Tloc           0%         N/A       98%         3
 Teleport Other           Tloc           0%         N/A       98%         3


Dungeon Overview and Level Annotations

Branches:
Dungeon (6/15)
 Temple: D:4-7

Altars:

Annotations:
D:2 Sigmund
D:5 exclusion: door


Innate Abilities, Weirdness & Mutations

You are immune to sickness and miasma.
Your stone body is resilient. (AC +4)
You are immune to poison.
You resist negative energy. (rN+)
You are resistant to electric shocks. (rElec)
You are resistant to unholy torment.
You are immune to petrification.


Message History

The orc priest hits you from afar with a +0 trident of protection.
The orc barely misses you.
You take 4 damage, and have 11/34 hp.
You slash the orc!
You kill the orc!
The orc priest hits you but does no damage.
The orc priest closely misses you.
Things that are here:
a +0 dagger; a +0 leather armour; a +0 mace You barely miss the orc priest.
The orc priest closely misses you.
You barely miss the orc priest.
The orc priest hits you but does no damage.
The orc priest casts a cantrip, but nothing happens.
You hit the orc priest but do no damage.
The orc priest hits you with a +0 trident of protection.
You take 1 damage, and have 11/34 hp.
You hit the orc priest but do no damage.
The orc priest hits you but does no damage.
You barely miss the orc priest.
The orc priest hits you with a +0 trident of protection.
* * * LOW HITPOINT WARNING * * *
You take 3 damage, and have 8/34 hp.
It was a potion of flight.
You feel very buoyant.
You fly up into the air.
The orc priest invokes the aid of Beogh against you.
Pain shoots through your body!
* * * LOW HITPOINT WARNING * * *
You take 3 damage, and have 5/34 hp.
It was a potion of curing.
You feel better.
The orc priest mumbles some strange prayers to Beogh against you.
Pain shoots through your body!
You regained 7 hp, and now have 12/34 hp.
You barely miss the orc priest.
The orc priest mumbles some strange prayers to Beogh against you.
Beogh smites you!
* * * LOW HITPOINT WARNING * * *
The orc priest mumbles some strange prayers to Beogh against you.
Pain shoots through your body!
You die...

......###.# .##.#.#
#.## ###...###..# #
###....#.# #
#.#.##.# # #.#.##.#
# #.#.##.# ###
#......########.....
## #.#.#.......@o..#
.#
#...#....#########
.#
#..#.#.#.#########
.#
#..#......<.......
.#
#..###.#.########.
.###..###.#.#
..........#.#
.###...[..#.#
.###......#.#


You could see an orc priest.

Vanquished Creatures
  A jelly (D:5)
  An orc priest (D:5)
  Jessica (D:2)
  2 orc wizards (D:5)
  3 adders
  A dart slug (D:1)
  5 orcs
  6 bats
  5 endoplasms
  5 giant cockroaches
  A goblin (D:2)
  2 hobgoblins
  2 jackals (D:5)
  3 quokkas
  3 ball pythons
  A frilled lizard (D:1)
  4 kobolds
  2 rats (D:2)
48 creatures vanquished.

Notes
Turn   | Place    | Note
-------+----------+-------------------------------------------
     0 | D:5      | jasper the Gargoyle Delver began the quest for the Orb.
     0 | D:5      | Reached XP level 1. HP: 14/14 MP: 1/1
    32 | D:5      | Noticed an orc wizard
    49 | D:6      | Noticed an orc wizard
    50 | D:6      | Noticed an orc priest
    75 | D:5      | Killed an orc wizard
    76 | D:5      | Reached skill level 1 in Armour
    76 | D:5      | Reached XP level 2. HP: 11/19 MP: 2/2
    76 | D:5      | Reached XP level 3. HP: 14/23 MP: 3/3
   188 | D:5      | Reached XP level 4. HP: 7/29 MP: 4/4
   529 | D:5      | Noticed an ogre
   573 | D:5      | Reached XP level 5. HP: 31/33 MP: 5/5
  1778 | D:2      | Noticed Jessica
  1792 | D:2      | Killed Jessica
  2031 | D:2      | Noticed Sigmund
  2204 | D:3      | HP: 1/34 [orc priest/divine providence (11)]
  2204 | D:3      | Killed from afar by an orc priest

Illustrated notes

Levels and vault maps discovered:
D:1:      nicolae_arrival_memento_mori, layout_loops_ring
D:2:      layout_loops_ring, dreamdust_princess_corridor, uniq_sigmund,
          uniq_terence, uniq_jessica
D:3:      layout_loops_ring, hex_medium, kennysheep_generic_room_14
D:4:      layout_basic, minmay_joined_circles
D:5:      layout_basic, mainiacjoe_overflow_small_starburst, serial_shops,
          nicolae_stop_n_shop_1, uniq_crazy_yiuf_cottage
D:6:      layout_rooms, mainiacjoe_overflow_24_doors, temple_green,
          grunt_ministairs_6, serial_park_tiny_1, kennysheep_diamond,
          minivault_24, nicolae_shop_overcharged_wands

Skill      XL: |  1  2  3  4  5 |
---------------+----------------+-----
Axes           | 2 3 4 |  4.0
Armour         | 1 2 |  2.8
Fighting       | 4 |  4.4
Dodging        | |  1.5
Stealth        | |  5.4

Action                     |  1- 3 |  4- 6 || total
---------------------------+-------+-------++-------
  Melee: Hand axe          |    29 |   168 ||   197
         Punch             |     1 |     1 ||     2
         War axe           |       |    18 ||    18
    Use: Potion            |     3 |     3 ||     6
         Scroll            |     1 |     4 ||     5
   Stab: Sleeping          |       |     7 ||     7
 Armour: Leather armour    |     5 |    18 ||    23
         Skin              |    17 |     8 ||    25
         Scale mail        |       |   101 ||   101
  Dodge: Dodged            |     5 |   107 ||   112

Table legend: (Time is in decaauts)
 A = Elapsed time spent in this place.
 B = Non-inter-level travel time spent in this place.
 C = Inter-level travel time spent in this place.
 D = Time resting spent in this place.
 E = Time spent auto-exploring this place.
 F = Levels seen in this place.
 G = Mean time per level.
                   A        B        C        D        E       F      G
               +--------+--------+--------+--------+--------+-----+--------+
         Total |   2229 |   2082 |    147 |    225 |   1126 |   6 |  371.5 |
       Dungeon |   2229 |   2082 |    147 |    225 |   1126 |   6 |  371.5 |
               +--------+--------+--------+--------+--------+-----+--------+

Top non-repeatable levels by time:
     D:1: 760 daAuts
     D:5: 664 daAuts
     D:2: 505 daAuts
     D:3: 201 daAuts
     D:4: 96 daAuts
     D:6: 1 daAuts
